AoeStats
← 陟遐自迩

Socotra

506861839Analyzed
4v4 RM · 16d ago on Sep 15, 2026· 44m 29s· 8 players
Game mode
Random Map
Map size
148×148
Population
200
Speed
Normal
Resources
Standard
Victory
Conquest
Starting age
Dark Age
Ending age
Imperial Age
RankedLock teamsTeams togetherTeam positionsShared explorationLock speedFull tech treeHidden civsTurbo modeCheats
Victory
Defeat
🇫🇷 Chinese · France
1089
+15
🇨🇭 Ethiopians · Switzerland
1028
+17
🇱🇹 Romans · Lithuania
1014
+18
🇦🇷 Vietnamese · Argentina
973
+19
🇹🇼 Vietnamese · Taiwan
1099
-19
🇩🇪 Khitans · Germany
1080
-18
🇨🇳 Spanish · China
1066
-18
🇹🇼 Magyars · Taiwan
969
-14
yampozumpo
7:11 Loom
9:40 Feudal Age
14:06 Fletching
15:21 Double-Bit Axe
18:20 Padded Archer Armor
22:38 Horse Collar
26:16 Castle Age
26:28 Crossbowman
27:05 Bodkin Arrow
29:24 Ballistics
29:18 Bow Saw
32:22 Gold Mining
33:30 Thumb Ring
34:16 Wheelbarrow
40:13 Imperial Age
40:38 Arbalester
41:24 Thumb Ring
42:41 Chemistry
44:57 Hand Cart
Sophia
0:43 Loom
14:00 Feudal Age
14:28 Double-Bit Axe
14:25 Horse Collar
15:09 Town Watch
15:50 Gold Mining
20:44 Castle Age
19:09 Bloodlines
20:07 Forging
20:02 Scale Barding Armor
21:41 Bow Saw
21:35 Heavy Plow
22:13 Husbandry
24:13 Stone Mining
26:50 Fervor
27:43 Wheelbarrow
28:53 Iron Casting
29:42 Hand Cart
31:50 Gold Shaft Mining
31:53 Fletching
37:19 Imperial Age
35:22 Ballistas
34:39 Man-at-Arms
35:20 Squires
34:43 Pikeman
35:46 Ballistics
38:21 Conscription
37:26 Halberdier
38:10 Scale Mail Armor
39:10 Blast Furnace
38:06 Bodkin Arrow
39:16 Chemistry
38:04 Long Swordsman
39:33 Chain Mail Armor
40:09 Crop Rotation
40:13 Town Patrol
42:56 Legionary
Gosu
11:01 Feudal Age
11:31 Double-Bit Axe
11:27 Horse Collar
13:41 Man-at-Arms
21:29 Castle Age
19:43 Scale Mail Armor
20:02 Gold Mining
20:11 Stone Mining
22:51 Bow Saw
22:42 Heavy Plow
22:07 Long Swordsman
22:48 Squires
23:26 Elite Skirmisher
27:28 Wheelbarrow
30:21 Chain Mail Armor
32:20 Pikeman
35:26 Forging
35:06 Fletching
39:23 Imperial Age
37:09 Hand Cart
36:40 Loom
36:40 Town Watch
36:54 Bodkin Arrow
37:38 Iron Casting
39:28 Capped Ram
39:33 Two-Handed Swordsman
40:53 Gold Shaft Mining
41:21 Murder Holes
41:47 Ballistics
42:28 Chemistry
41:39 Masonry
40:54 Halberdier
42:48 Two-Man Saw
42:05 Siege Ram
42:12 Siege Ram
42:14 Champion
MarrA
11:40 Feudal Age
11:32 Loom
13:08 Double-Bit Axe
21:22 Stone Mining
25:11 Castle Age
32:16 Horse Collar
35:22 Fletching
35:33 Padded Archer Armor
36:44 Bow Saw
37:49 Bloodlines
38:01 Husbandry
38:00 Town Watch
44:23 Imperial Age
43:22 Wheelbarrow
43:28 Leather Archer Armor
44:19 Bodkin Arrow
clf730928
2:16 Loom
13:11 Feudal Age
19:50 Fletching
27:35 Castle Age
25:34 Double-Bit Axe
26:56 Scale Barding Armor
28:01 Gold Mining
38:35 Town Watch
William
6:45 Loom
12:12 Feudal Age
15:47 Double-Bit Axe
18:20 Castle Age
23:38 Horse Collar
26:38 Husbandry
34:13 Heavy Plow
34:53 Wheelbarrow
37:22 Bloodlines
37:31 Bow Saw
44:26 Imperial Age
42:13 Hand Cart
41:53 Elite Skirmisher
43:13 Fletching
43:25 Padded Archer Armor
陟遐自迩
0:44 Loom
13:51 Feudal Age
15:21 Wheelbarrow
14:33 Domestication
14:40 Double-Bit Axe
19:09 Forging
19:06 Scale Barding Armor
25:52 Castle Age
24:19 Fletching
24:24 Stone Mining
24:27 Gold Mining
27:05 Husbandry
28:03 Stone Shaft Mining
30:54 Iron Casting
30:46 Chain Barding Armor
种田使我快乐
0:42 Loom
13:10 Feudal Age
17:04 Wheelbarrow
23:39 Castle Age
23:16 Fletching
23:27 Padded Archer Armor
29:17 Bodkin Arrow
29:59 Double-Bit Axe
34:05 Elite Skirmisher
39:21 Imperial Age
38:43 Leather Archer Armor
38:50 Ballistics
43:19 Bow Saw
42:52 Horse Collar
43:15 Bracer
43:46 Ring Archer Armor
43:27 Forging
43:23 Scale Barding Armor
43:59 Hand Cart
43:29 Town Watch
44:10 Conscription
44:27 Husbandry
44:38 Bloodlines
Connection lost

Rejoining the realm…

Still unreachable

The connection could not be restored.

Session expired

The server has moved on; the page needs a fresh start.